 Dungeon Crawl Stone Soup version 0.25.1-1-g288607f5aa (webtiles) character file.

Game seed: 12528577932242784797

345 KleinerIrrer the Skirmisher (level 6, -11/72 HPs)
             Began as an Ogre Hunter on July 20, 2020.
             Mangled by an ogre
             ... wielding a +0 giant club
              (25 damage)
             ... on level 4 of the Dungeon.
             The game lasted 00:07:54 (4721 turns).

KleinerIrrer the Skirmisher (Ogre Hunter)           Turns: 4721, Time: 00:07:55

Health: -11/72     AC: 10    Str: 18    XL:     6   Next: 58%
Magic:  6/6        EV: 10    Int: 12    God:
Gold:   157        SH:  0    Dex: 10    Spells: 5/5 levels left

rFire    . . .     SeeInvis .   v - +0 falchion (protect)
rCold    . . .     Gourm    .   (no shield)
rNeg     . . .     Faith    .   b - +0 robe
rPois    .         Spirit   .   u - +0 hat
rElec    .         Reflect  .   (no cloak)
rCorr    .         Harm     .   (gloves unavailable)
MR       .....                  (boots unavailable)
Stlth    +.........             (no amulet)
HPRegen  0.22/turn              (no ring)
MPRegen  0.10/turn              (no ring)

@: protection aura
A: large, unfitting armour, tough skin 1
a: no special abilities


You were on level 4 of the Dungeon.
You were hungry.

You visited 1 branch of the dungeon, and saw 4 of its levels.

You collected 157 gold pieces.

Inventory:

Hand Weapons
 v - a +0 falchion of protection (weapon)
Missiles
 c - a large rock (quivered)
 d - 2 throwing nets
 k - 4 poisoned darts
Armour
 b - a +0 robe (worn)
 u - a +0 hat (worn)
Scrolls
 i - a scroll of amnesia
 l - 2 scrolls of random uselessness
 o - 6 scrolls of teleportation
 q - a scroll of enchant weapon {unknown}
 t - 2 scrolls of remove curse
Potions
 e - 2 potions of mutation
 g - a potion of haste
 h - a potion of invisibility
 j - a potion of might {unknown}
 n - a potion of stabbing {unknown}
 p - a potion of degeneration {unknown}
 r - a potion of flight {unknown}
 s - a potion of ambrosia {unknown}
Comestibles
 f - 6 rations


   Skills:
 + Level 7.7 Fighting
 + Level 1.5 Long Blades
   Level 1.5 Polearms
 + Level 4.3 Throwing
 - Level 1.7 Dodging
 - Level 0.6 Stealth


You had 5 spell levels left.
You didn't know any spells.
Your spell library was empty.

Dungeon Overview and Level Annotations

Branches:
Dungeon (4/15)
 Temple: D:4-7

Altars:


Innate Abilities, Weirdness & Mutations

You are too large for most types of armour.
You have tough skin. (AC +1)


Message History

The jackal is almost dead.
The jackal barely misses you. The jackal closely misses you.
You barely miss the jackal.
The jackal is almost dead.
The jackal barely misses you.
You slash the jackal!
You kill the jackal!
Throwing (i - inventory. (/) - cycle)
c - 2 large rocks (quivered)
Press: ? - help, Shift-Dir - straight line, f - ogre
Aim: an ogre, wielding a +0 giant club You throw a large rock.
The large rock barely misses the ogre.
The ogre hits you with a +0 giant club!!
You hit the ogre.
The ogre is moderately wounded.
The ogre hits you with a +0 giant club!
* * * LOW HITPOINT WARNING * * *
You hit the ogre.
The ogre is moderately wounded.
The ogre hits you with a +0 giant club!!
You die...

... ####............#
#...#........[......#
#$..#.............###
........####+#####
#.(....# .####
#......# ##.(...
##....# .......
#..<.# .......
#..@O##.......
#.....†.......
#...††###....#
#.....# ..# ....#+#.#
# .....+ #.# #.....#
#.# #.....# #.#
#..... #.#


You could see an ogre.

Vanquished Creatures
  An ogre (D:4)
  A hound (D:4)
  Terence (D:2)
  A worker ant (D:3)
  10 adders
  An ooze (D:2)
  A worm (D:3)
  2 dart slugs
  3 leopard geckos
  8 orcs (D:3)
  2 giant cockroaches
  5 goblins
  5 hobgoblins
  4 jackals (D:4)
  6 kobolds
  2 quokkas (D:3)
  2 ball pythons (D:2)
  11 bats
  4 frilled lizards
  4 rats
74 creatures vanquished.

Notes
Turn   | Place    | Note
-------+----------+-------------------------------------------
     0 | D:1      | KleinerIrrer the Ogre Hunter began the quest for the Orb.
     0 | D:1      | Reached XP level 1. HP: 22/22 MP: 1/1
    51 | D:1      | Reached skill level 3 in Fighting
   144 | D:1      | Reached XP level 2. HP: 30/32 MP: 2/2
   269 | D:1      | Reached skill level 4 in Fighting
   875 | D:1      | Reached XP level 3. HP: 40/40 MP: 3/3
  1143 | D:2      | Noticed Terence
  1152 | D:2      | Killed Terence
  1152 | D:2      | Reached skill level 5 in Fighting
  1152 | D:2      | Reached XP level 4. HP: 31/50 MP: 4/4
  1360 | D:2      | Reached skill level 1 in Polearms
  2938 | D:3      | Reached skill level 6 in Fighting
  3014 | D:3      | Reached XP level 5. HP: 26/59 MP: 5/5
  4160 | D:4      | Noticed an ogre
  4257 | D:4      | Noticed an ogre
  4259 | D:4      | Killed an ogre
  4259 | D:4      | Reached skill level 7 in Fighting
  4259 | D:4      | Reached skill level 1 in Long Blades
  4259 | D:4      | Reached XP level 6. HP: 35/71 MP: 6/6
  4721 | D:4      | Mangled by an ogre

Illustrated notes

Levels and vault maps discovered:
D:1:      lightli_arrival_flooded_house, layout_loops_ring,
          chequers_serial_rivers_small_3, minmay_misc_feat_plants
D:2:      layout_basic, serial_forest, infiniplex_forest_straight_4,
          infiniplex_forest_clump_diagonal, infiniplex_forest_clump_cross,
          infiniplex_forest_side_room, infiniplex_forest_end_2, first_ration,
          uniq_terence
D:3:      layout_basic
D:4:      layout_basic, serial_shops, shop, gup_sewer_entry_pipe,
          minmay_diced_spiral

Skill      XL: |  1  2  3  4  5 |
---------------+----------------+-----
Fighting       | 3 4 5 6 7 |  7.7
Polearms       | 1 |  1.5
Long Blades    | 1 |  1.5
Throwing       | |  4.3
Dodging        | |  1.7
Stealth        | |  0.6

Action                   |  1- 3 |  4- 6 || total
-------------------------+-------+-------++-------
Melee: Short sword       |    72 |       ||    72
       Spear             |    47 |   127 ||   174
       Rapier            |       |    57 ||    57
       Falchion          |       |   105 ||   105
Throw: Large rock        |     4 |    18 ||    22
  Use: Scroll            |     2 |     5 ||     7
       Potion            |       |     1 ||     1
 Stab: Sleeping          |     1 |     3 ||     4
  Eat: Chunk             |     1 |    11 ||    12
Armor: Robe              |    48 |   123 ||   171
Dodge: Dodged            |    81 |   180 ||   261
       Rpst.: Falchion   |       |    24 ||    24
